 Dungeon Crawl Stone Soup version 0.29.0-11-gd7f09526c8 (webtiles) character file.

Game seed: 12236269330840910661

20811 pacmanke6689 the Impaler (level 12, 0/97 HPs)
             Began as a Merfolk Gladiator on Sept 5, 2022.
             Was a Priest of Dithmenos.
             Slain by a wolf spider (1 damage)
             ... on level 12 of the Dungeon.
             The game lasted 00:52:38 (13847 turns).

pacmanke6689 the Impaler (Merfolk Gladiator)       Turns: 13847, Time: 00:52:39

Health: 0/97       AC: 15    Str: 17    XL:     12   Next: 83%
Magic:  19/19      EV: 19    Int:  8    God:    Dithmenos [***...]
Gold:   814        SH:  0    Dex: 22    Spells: 19/21 levels left

rFire   . . .      SeeInvis .   A - +4 demon trident (vorpal)
rCold   . . .      Faith    .   (no shield)
rNeg    + . .      Spirit   .   k - +2 acid dragon scales
rPois   .          Reflect  .   c - +0 helmet
rElec   .          Harm     .   r - +2 cloak
rCorr   +          Rampage  .   (no gloves)
Will    .....                   v - +0 pair of boots of Hairiness {rN+ Int-2 Dex+7 Stlth+}
Stlth   +++++++...              f - amulet of the acrobat
HPRegen 0.26/turn               (no ring)
MPRegen 0.16/turn               (no ring)

@: wreathed by umbra
A: (nimble swimmer 2), mertail
a: Renounce Religion, Shadow Step


You were on level 12 of the Dungeon.
You worshipped Dithmenos.
Dithmenos was most pleased with you.
You visited 2 branches of the dungeon, and saw 14 of its levels.

You collected 853 gold pieces.
You spent 39 gold pieces at shops.

Inventory:

Hand Weapons
 a - a +0 trident
 q - a +0 glaive
 s - a +1 spear of freezing
 A - a +4 vorpal demon trident (weapon)
Armour
 b - a +0 leather armour
 c - a +0 helmet (worn)
 k - +2 acid dragon scales (worn)
 r - a +2 cloak (worn)
 v - the +0 pair of boots of Hairiness (worn) {rN+ Int-2 Dex+7 Stlth+}
   (You found it on level 4 of the Dungeon)

   Int:       It affects your intelligence (-2).
   Dex:       It affects your dexterity (+7).
   rN:        It protects you from negative energy.
   Stlth:     It makes you more stealthy.
 E - +0 steam dragon scales
Jewellery
 d - a ring of flight
 f - an amulet of the acrobat (around neck)
 z - a ring of magical power
Wands
 y - a wand of quicksilver (10)
 D - a wand of iceblast (10)
 G - a wand of flame (18)
Scrolls
 e - a scroll of summoning
 h - 4 scrolls of immolation
 j - a scroll of teleportation
 u - 4 scrolls of fear
Potions
 i - 3 potions of lignification
 m - 3 potions of cancellation
 n - 5 potions of attraction
 o - a potion of ambrosia {unknown}
 t - 3 potions of curing
 B - 2 potions of flight {unknown}
 C - 3 potions of mutation {unknown}
 I - 7 potions of degeneration


   Skills:
 + Level 9.8 Fighting
 + Level 15.6 Polearms
 + Level 2.1 Throwing
 + Level 5.4 Armour
 + Level 10.7 Dodging
 + Level 8.4 Stealth
 + Level 0.9 Unarmed Combat
 + Level 5.0 Spellcasting
 + Level 2.0 Conjurations
 + Level 4.0 Hexes
 + Level 1.1 Necromancy
 + Level 1.4 Fire Magic


You had 19 spell levels left.
You knew the following spells:

 Your Spells              Type           Power      Damage    Failure   Level
a - Foxfire               Conj/Fire      16%        2x1d4     17%         1
b - Necrotise             Necr           12%        1d4       22%         1

Your spell library contained the following spells:

 Spells                   Type           Power      Damage    Failure   Level
 Slow                     Hex            32%        N/A       7%          1
 Confusing Touch          Hex            8%         N/A       21%         3
 Dazzling Flash           Conj/Hex       12%        N/A       30%         3
 Inner Flame              Hex/Fire       6%         N/A       32%         3
 Apportation              Tloc           4%         N/A       34%         1
 Sandblast                Erth           4%         2d4       34%         1
 Passwall                 Tmut/Erth      1%         N/A       45%         2
 Poisonous Vapours        Pois/Air       4%         N/A       45%         2
 Conjure Flame            Conj/Fire      4%         6-21      45%         3
 Vampiric Draining        Necr           3%         2d6       54%         3
 Stone Arrow              Conj/Erth      6%         3d7       56%         3
 Gell's Gravitas          Tloc           2%         N/A       71%         3
 Teleport Other           Tloc           2%         N/A       71%         3
 Flame Wave               Conj/Fire      4%         2d5       86%         4
 Iskenderun's Mystic Bla  Conj/Tloc      3%         2d3       92%         4
 Corpse Rot               Necr/Pois/Air  2%         N/A       96%         4
 Olgreb's Toxic Radiance  Pois           2%         N/A       98%         4
 Summon Ice Beast         Ice/Summ       2%         N/A       98%         4
 Agony                    Necr           3%         N/A       99%         5
 Silence                  Hex/Air        2%         N/A       99%         5
 Summon Mana Viper        Hex/Summ       5%         N/A       99%         5
 Alistair's Intoxication  Tmut/Pois      1%         N/A       100%        5
 Death Channel            Necr           1%         N/A       100%        6
 Dispersal                Tloc           1%         N/A       100%        6
 Starburst                Conj/Fire      2%         6d3       100%        6
 Monstrous Menagerie      Summ           1%         N/A       100%        7
 Death's Door             Necr           1%         N/A       100%        9


Dungeon Overview and Level Annotations

Branches:
Dungeon (13/15)            Temple (1/1) D:6            Lair (0/5) D:8
    Orc (0/2) D:12
 Vaults: D:13-14

Altars:
Ashenzari
Cheibriados
Dithmenos
Elyvilon
Fedhas
Gozag
Hepliaklqana
Kikubaaqudgha
Makhleb
Nemelex Xobeh
Qazlal
Ru
Sif Muna
Trog
Uskayaw
Vehumet
Wu Jian
Xom
Yredelemnul
Zin
The Shining One

Shops:
D:6 *   D:11 *

Portals:
Abyss: D:11

Annotations:
D:11 2 transporters, benadryl's ghost, journeyman GnCA
D:13 Kirke
Temple 2 transporters


Innate Abilities, Weirdness & Mutations

((You are very nimble when in or above water. (Stealth+, EV+, Speed+++)))
Your lower body shifts to a powerful aquatic tail in water.


Message History

You feel very sick.
You closely miss the orc.
You feel very sick.
The wolf spider hits you but does no damage.
The wolf spider closely misses you. The orc hits you but does no damage.
You barely miss the orc.
You feel sick. The wolf spider hits you! The wolf spider bites you.
* * * LOW HITPOINT WARNING * * *
You feel better. The wolf spider barely misses you.
The wolf spider bites you but does no damage.
The orc drinks a potion.
The orc seems to grow stronger.
The wolf spider hits you!
* * * LOW HITPOINT WARNING * * *
The wolf spider bites you!
* * * LOW HITPOINT WARNING * * *
You puncture the manticore!
The manticore is moderately wounded.
The orc barely misses you.
The wolf spider hits you but does no damage.
The wolf spider closely misses you.
The manticore bites you but does no damage.
The manticore completely misses you. The manticore barely misses you.
You hit the manticore.
The manticore is heavily wounded.
You carefully extract the barbed spikes from your body.
The orc closely misses you. The wolf spider hits you.
* * * LOW HITPOINT WARNING * * *
The wolf spider bites you but does no damage.
You impale the manticore!!
You kill the manticore!
Dithmenos accepts your kill.
You puncture the orc!
You kill the orc!
Dithmenos accepts your kill. The wolf spider barely misses you.
The wolf spider bites you.
* * * LOW HITPOINT WARNING * * *
You feel better. The wolf spider hits you!
* * * LOW HITPOINT WARNING * * *
The wolf spider bites you.
You die...

hh#T..#...
....#....# ..#
..#...#... #..
#...... #.# ..
...#.#.. ....#.#
.#.....#...#....
#....#.## ..#...)s#
.....#.#@##
#.......#.#.......#
..#...#.....#...#.##
....#....#....#....#
..#...#.....#...#..#
#.......#.#........#
...#.#.......#.#...#
.#.....#...#......##
....#....#....#...#


You could see a wolf spider.

Vanquished Creatures
  2 boulder beetles (D:12)
  A hydra (D:12)
  A death knight (D:12)
  A centaur warrior (D:13)
  5 two-headed ogres
  Urug (D:11)
  2 ugly things (D:12)
  2 manticores (D:12)
  3 gargoyles
  A kobold demonologist (D:12)
  Maggie (D:6)
  A komodo dragon (D:13)
  4 trolls
  2 hornets
  4 slime creatures (D:13)
  2 wyverns (D:7)
  2 wraiths
  12 yaks
  5 hogs
  Menkaure (D:6)
  A steam dragon (D:8)
  14 vampire mosquitoes
  An acid dragon (D:9)
  Duvessa (D:7)
  4 water moccasins
  3 orc warriors
  4 black bears
  An ice beast (D:7)
  A sky beast (D:8)
  A swamp drake (D:12)
  2 ogres (D:6)
  3 centaurs
  6 kobold brigands
  2 gnoll sergeants
  5 bullfrogs
  2 scorpions
  A necrophage (D:6)
  Dowan (D:7)
  4 killer bees (D:8)
  A lava snake (D:10)
  A hound (D:4)
  4 orc priests
  Jessica (D:3)
  4 iguanas
  4 orc wizards
  6 adders
  13 gnolls
  A white imp (D:8)
  2 ufetubi
  A worm (D:4)
  3 dart slugs
  27 orcs
  7 bats
  8 endoplasms
  5 giant cockroaches
  2 hobgoblins
  4 jackals (D:2)
  32 kobolds
  3 quokkas
  5 ball pythons
  3 frilled lizards
  10 goblins
  5 rats
262 creatures vanquished.

Vanquished Creatures (collateral kills)
  A yak (D:6)
  A howler monkey (D:13)
2 creatures vanquished.

Vanquished Creatures (others)
  34 foxfires (D:11)
  9 plants (D:1)
43 creatures vanquished.

Grand Total: 307 creatures vanquished

Notes
Turn   | Place    | Note
-------+----------+-------------------------------------------
     0 | D:1      | pacmanke6689 the Merfolk Gladiator began the quest for the
                  | Orb.
     0 | D:1      | Reached XP level 1. HP: 16/16 MP: 1/1
   351 | D:1      | Reached XP level 2. HP: 15/22 MP: 2/2
   531 | D:1      | Found a faded altar of an unknown god.
   588 | D:1      | HP: 1/23 [kobold/+0 whip (4)]
   929 | D:1      | Reached XP level 3. HP: 28/28 MP: 3/3
   932 | D:1      | Identified a scroll of acquirement
   932 | D:1      | Acquired an amulet of the acrobat
  1514 | D:2      | Reached skill level 5 in Polearms
  1745 | D:2      | Learned a level 1 spell: Slow
  1865 | D:2      | Reached XP level 4. HP: 26/34 MP: 1/4
  3040 | D:3      | Noticed Jessica
  3052 | D:3      | Killed Jessica
  3053 | D:3      | Reached XP level 5. HP: 26/41 MP: 0/5
  3169 | D:3      | Reached skill level 5 in Dodging
  3304 | D:4      | Identified the +0 pair of boots of Hairiness {rN+ Int-2
                  | Dex+7 Stlth+}
  3591 | D:4      | Reached skill level 1 in Armour
  3591 | D:4      | Reached skill level 1 in Stealth
  3591 | D:4      | Reached skill level 1 in Spellcasting
  3591 | D:4      | Reached skill level 1 in Hexes
  3981 | D:4      | Found a snail-covered altar of Cheibriados.
  4009 | D:4      | Reached XP level 6. HP: 47/47 MP: 1/7
  4575 | D:5      | Entered Level 5 of the Dungeon
  4779 | D:5      | Noticed a water moccasin
  4793 | D:5      | Acquired a +1 demon trident of venom
  4816 | D:5      | Killed a water moccasin
  4817 | D:5      | Reached skill level 6 in Polearms
  4817 | D:5      | Reached XP level 7. HP: 36/52 MP: 8/10
  5308 | D:5      | Reached skill level 7 in Polearms
  5497 | D:5      | Reached XP level 8. HP: 60/60 MP: 11/11
  5736 | D:6      | Noticed Menkaure
  5742 | D:6      | Killed Menkaure
  5763 | D:6      | Found a sparkling altar of Nemelex Xobeh.
  5790 | D:6      | Noticed a yak
  5791 | D:6      | Noticed a yak
  5796 | D:6      | Killed a yak
  5797 | D:6      | Reached skill level 8 in Polearms
  5800 | D:6      | Noticed a yak
  5812 | D:6      | Killed a yak
  5829 | D:6      | Killed a yak
  5830 | D:6      | Reached skill level 9 in Polearms
  6143 | D:6      | Reached XP level 9. HP: 44/66 MP: 12/12
  6276 | D:6      | Found a staircase to the Ecumenical Temple.
  6282 | D:6      | Noticed Maggie
  6300 | D:6      | Killed Maggie
  6301 | D:6      | Reached skill level 5 in Fighting
  6859 | D:6      | Reached skill level 10 in Polearms
  6928 | D:6      | Found Unle's Elemental Accessories.
  7138 | Temple   | Entered the Ecumenical Temple
  7138 | Temple   | Found a transporter.
  7138 | Temple   | Found a transporter.
  7140 | Temple   | Found a transporter.
  7140 | Temple   | Found a transporter.
  7201 | Temple   | Became a worshipper of Dithmenos the Shadowed
  7356 | D:7      | Noticed Duvessa
  7356 | D:7      | Noticed Dowan
  7362 | D:7      | Killed Duvessa
  7368 | D:7      | Killed Dowan
  7989 | D:8      | Reached XP level 10. HP: 31/75 MP: 16/16
  8212 | D:8      | Reached skill level 11 in Polearms
  8212 | D:8      | Reached skill level 5 in Stealth
  8255 | D:8      | Found a staircase to the Lair.
  8515 | D:8      | Reached * piety under Dithmenos
  9123 | D:9      | Found a hide-covered altar of Uskayaw.
  9286 | D:9      | Paralysed by a hornet for 3 turns
  9296 | D:9      | Reached skill level 12 in Polearms
  9596 | D:9      | Noticed a two-headed ogre
  9605 | D:9      | Killed a two-headed ogre
  9854 | D:10     | Entered Level 10 of the Dungeon
 10014 | D:10     | Reached skill level 13 in Polearms
 10067 | D:10     | Reached XP level 11. HP: 83/83 MP: 17/17
 10106 | D:10     | Noticed a two-headed ogre
 10107 | D:10     | Noticed a sea snake
 10107 | D:10     | a two-headed ogre changed into a sea snake
 10139 | D:10     | Noticed an orb spider
 10192 | D:10     | Reached ** piety under Dithmenos
 10350 | D:10     | Noticed a two-headed ogre
 10360 | D:10     | Killed a two-headed ogre
 10546 | D:10     | Noticed an orb spider
 10601 | D:11     | Noticed a two-headed ogre
 10609 | D:11     | Killed a two-headed ogre
 10618 | D:11     | Learned a level 1 spell: Foxfire
 10699 | D:11     | Noticed a skeletal warrior
 10700 | D:11     | Noticed a hell hog
 10709 | D:11     | Noticed benadryl's ghost (journeyman GnCA)
 10726 | D:11     | Found a transporter.
 10758 | D:11     | Reached skill level 14 in Polearms
 10759 | D:11     | Found a transporter.
 10763 | D:11     | Found a one-way gate to the infinite horrors of the Abyss.
 11065 | D:11     | Found Wonogeisk's General Store.
 11073 | D:11     | Bought a potion of curing for 39 gold pieces
 11078 | D:11     | Identified the +1 leather armour of the Storm King {rPois
                  | rC- Dex+7}
 11181 | D:11     | Noticed Urug
 11526 | D:11     | Killed Urug
 11527 | D:11     | Reached skill level 1 in Conjurations
 11527 | D:11     | Reached skill level 1 in Fire Magic
 11775 | D:12     | Noticed Kirke
 11827 | D:12     | Noticed a two-headed ogre
 11833 | D:12     | Noticed a manticore
 11916 | D:13     | Got the Spellbook of Venin and Misery
 11995 | D:12     | Noticed a death knight
 12004 | D:12     | Noticed a manticore
 12022 | D:12     | Killed a manticore
 12023 | D:12     | Reached skill level 5 in Armour
 12061 | D:12     | Noticed a boulder beetle
 12148 | D:12     | Noticed a two-headed ogre
 12153 | D:12     | Identified the +1 leather armour of True Grit {Str+3}
 12202 | D:12     | Killed a two-headed ogre
 12203 | D:12     | Reached XP level 12. HP: 88/92 MP: 17/19
 12321 | D:12     | Killed a boulder beetle
 12335 | D:12     | Learned a level 1 spell: Necrotise
 12489 | D:12     | Noticed a boulder beetle
 12517 | D:12     | Killed a boulder beetle
 12518 | D:12     | Reached skill level 10 in Dodging
 12563 | D:12     | Noticed a six-headed hydra
 12635 | D:12     | Killed a six-headed hydra
 12636 | D:12     | Reached skill level 15 in Polearms
 12716 | D:13     | Reached *** piety under Dithmenos
 12823 | D:13     | Noticed a centaur warrior
 12842 | D:13     | Killed a centaur warrior
 12863 | D:13     | Noticed a vault guard
 12870 | D:13     | Noticed a vault guard
 12932 | D:13     | Noticed a catoblepas
 13186 | D:12     | Killed a two-headed ogre
 13187 | D:12     | Reached skill level 1 in Necromancy
 13393 | D:12     | Killed a death knight
 13394 | D:12     | Reached skill level 5 in Spellcasting
 13726 | D:12     | Found a staircase to the Orcish Mines.
 13846 | D:12     | HP: 1/97 [wolf spider (5)]
 13847 | D:12     | Slain by a wolf spider

Illustrated notes

Levels and vault maps discovered:
D:1:      dpeg_arrival_stonehenge_8_columns, layout_loops_ring,
          shapermc_ecumenical_altar_flowoftime, serial_bayou,
          serial_bayou_pond_c, serial_bayou_lake_a, serial_bayou_pond_c,
          serial_bayou_ford_a
D:2:      layout_basic
D:3:      layout_basic, uniq_jessica
D:4:      layout_basic, mainiacjoe_overflow_brackets, grunt_ministairs_15
D:5:      layout_loops_ring, small_statue_intersection, roderic_roman_lattice
D:6:      layout_loops_ring, nemelex_xobeh_ov_fountains_minmay,
          minmay_temple_entry_glass, nicolae_elemental_shop, uniq_maggie,
          uniq_menkaure
D:7:      layout_gridville, minmay_misc_feat_tiny, uniq_duvessa
D:8:      layout_loops_ring, lair_entry_dummy
D:9:      layout_small_grid, mainiacjoe_overflow_alcove_1
D:10:     layout_rooms, hangedman_abyss_or_decor_clamps, kennysheep_island_fort
D:11:     layout_cave_pools, gammafunk_ghost_abyssal_escape, serial_shops,
          nicolae_shop_crystal, uniq_urug
D:12:     kennysheep_blocky_hall, layout_cave_pools, erik_orc_1,
          hangedman_abyss_or_decor_stabs, nicolae_kite_square_tiling_tiny,
          minmay_hidden_floor, uniq_kirke
D:13:     layout_basic, erik_vaults_2
Temple:   hellmonk_temple_divided_pantheon

Skill      XL: |  1  2  3  4  5  6  7  8  9 10 11 12 |
---------------+-------------------------------------+-----
Polearms       | 5 6 7 9 10 13 14 15 | 15.6
Fighting       | 3 4 5 6 8 9 |  9.8
Dodging        | 5 6 8 9 10 | 10.7
Armour         | 1 2 3 4 5 |  5.4
Stealth        | 1 3 4 6 8 |  8.4
Spellcasting   | 1 2 4 5 |  5.0
Hexes          | 1 2 3 4 |  4.0
Conjurations   | 1 2 |  2.0
Fire Magic     | 1 |  1.4
Necromancy     | 1 |  1.1
Throwing       | |  2.1
Unarmed Combat | |  0.9

Action                   |  1- 3 |  4- 6 |  7- 9 | 10-12 || total
-------------------------+-------+-------+-------+-------++-------
Melee: Trident           |   105 |    60 |       |       ||   165
       Tailslap          |     1 |       |       |       ||     1
       Spear             |       |   126 |       |       ||   126
       Punch             |       |     1 |     3 |     8 ||    12
       Demon trident     |       |     6 |   183 |   548 ||   737
       Unarmed           |       |       |       |    12 ||    12
Throw: Javelin           |     1 |     1 |       |       ||     2
 Cast: Slow              |     3 |    42 |    14 |       ||    59
       Foxfire           |       |       |       |    19 ||    19
       Necrotise         |       |       |       |     4 ||     4
  Use: Scroll            |     2 |     2 |    10 |    18 ||    32
       Potion            |       |       |     2 |    12 ||    14
 Stab: Sleeping          |     3 |     6 |     7 |    15 ||    31
       Distracted        |       |       |     1 |     3 ||     4
Armor: Leather armour    |    24 |    36 |    18 |       ||    78
       Acid dragon scale |       |       |    15 |   137 ||   152
Dodge: Dodged            |    83 |   134 |   100 |   520 ||   837
